 Dungeon Sprint DCSS version 0.17-a0-1646-geb1493d (webtiles) character file.

262 Kidiri the Covert (level 5, 0/24 HPs)
             Began as a Spriggan Enchanter on Aug 10, 2015.
             Succumbed to a siren's poison
             ... in the Dungeon (Sprint II: "The Violet Keep of Menkaure").
             The game lasted 00:02:03 (283 turns).

Kidiri the Covert (Spriggan Enchanter)               Turns: 283, Time: 00:02:03

Health: 0/24       AC:  3    Str:  4      XL:     5   Next: 97%
Magic:  4/16       EV: 25    Int: 14 (16) God:
Gold:   243        SH:  0    Dex: 18      Spells: 5 memorised, 7 levels left

rFire  . . .     SeeInvis +     a - +1 dagger
rCold  . . .     Clarity  .     b - +1 robe
rNeg   . . .     SustAt   .     (shield restricted)
rPois  .         Gourm    .     (helmet restricted)
rElec  .         Spirit   .     (no cloak)
rCorr  .         Warding  .     (gloves unavailable)
rMut   .         NoTele   +     (boots unavailable)
MR     .....                    (no amulet)
Stlth  +++++.....               (no ring)
                                (no ring)

@: lethally poisoned (0 -> -11), mesmerised, very slightly contaminated, very
quick, not resistant to hostile enchantments, quite stealthy
A: unfitting armour, see invisible, herbivore 3, speed 3, slow metabolism 2
a: no special abilities


You were in the Dungeon.
You were not hungry.

You visited 1 branch You collected 243 gold pieces.

Inventory:

Hand weapons
 a - a +1 dagger (weapon)
Armour
 b - a +1 robe (worn)
Scrolls
 j - a scroll of blinking
Potions
 e - a potion of curing
 f - a potion of heal wounds
 g - a potion of haste
 h - a potion of magic
 i - a potion of berserk rage
Books
 c - a book of Maledictions

   Spells                             Type                      Level
   a - Corona                         Hexes                        1
   b - Ensorcelled Hibernation        Hexes/Ice                    2
   c - Confuse                        Hexes                        3
   d - Tukima's Dance                 Hexes                        3
   e - Dazzling Spray                 Conjuration/Hexes            3
Comestibles
 d - a bread ration


   Skills:
 + Level 4.6 Short Blades
 * Level 9.2 Dodging
 * Level 10.5 Stealth
 * Level 7.8 Spellcasting
 + Level 0.0 Conjurations
 + Level 6.2 Hexes
 + Level 1.0 Ice Magic


You had 7 spell levels left.
You knew the following spells:

 Your Spells              Type           Power        Failure   Level  Hunger
a - Corona                Hex            ###....      1%          1    None
b - Ensorcelled Hibernat  Hex/Ice        ###...       4%          2    None
c - Confuse               Hex            ###.....     3%          3    ##.....
d - Tukima's Dance        Hex            ###.....     3%          3    ##.....
e - Dazzling Spray        Conj/Hex       ##......     12%         3    ##.....


Dungeon Overview and Level Annotations

Branches:
Dungeon (1/1)

Altars:


Innate Abilities, Weirdness & Mutations

You are tiny and cannot use many weapons and most armour.
You have supernaturally acute eyesight.
You are a herbivore.
You cover ground extremely quickly.
You need consume almost no food.


Message History

The siren is lightly wounded.
The siren chants its luring song.
You hit the siren.
The siren is moderately wounded.
The walls and floor vibrate strangely for a moment.
The siren chants its luring song.
You hit the siren.
The siren is moderately wounded.
The siren chants its luring song.
You hit the siren.
The siren is moderately wounded.
You barely miss the siren.
The siren is moderately wounded.
The siren hits you with a spear of venom!
Ouch! That really hurt!
* * * LOW HITPOINT WARNING * * *
You are lethally poisoned!
You hit the siren.
The siren is moderately wounded.
You die...

#≈≈#+++#+++##
≈≈≈.........#
#+## ####.##
#..##.# #
##.%.#### ##.
##'###.##
#.B.##.##...#
#+.<.@m#
#.B$##.##...#
##. #+# #.##
# ##


You could see a siren.

Vanquished Creatures
  4 brain worms (D)
4 creatures vanquished.

Vanquished Creatures (others)
  Menkaure (D)
1 creature vanquished.

Grand Total: 5 creatures vanquished

Notes
Turn   | Place    | Note
--------------------------------------------------------------
     0 | D        | Kidiri the Spriggan Enchanter began the quest for the Orb.
     0 | D        | Reached XP level 1. HP: 9/9 MP: 5/5
     1 | D        | Noticed a brain worm
     1 | D        | Noticed a brain worm
     1 | D        | Noticed a brain worm
     1 | D        | Noticed a brain worm
    15 | D        | Killed a brain worm
    15 | D        | Reached skill level 6 in Dodging
    15 | D        | Reached skill level 7 in Stealth
    15 | D        | Reached skill level 5 in Spellcasting
    15 | D        | Reached XP level 2. HP: 7/13 MP: 6/9
    15 | D        | Reached XP level 3. HP: 8/16 MP: 6/10
    15 | D        | Reached XP level 4. HP: 10/21 MP: 7/12
    26 | D        | Killed a brain worm
    26 | D        | Reached skill level 8 in Stealth
    26 | D        | Reached skill level 5 in Hexes
    30 | D        | Learned a level 2 spell: Ensorcelled Hibernation
    31 | D        | Killed a brain worm
    31 | D        | Reached skill level 9 in Stealth
    31 | D        | Reached XP level 5. HP: 8/24 MP: 6/15
    34 | D        | Killed a brain worm
    34 | D        | Reached skill level 10 in Stealth
    34 | D        | Reached skill level 1 in Ice Magic
    41 | D        | Killed Menkaure
    43 | D        | Learned a level 3 spell: Confuse
    47 | D        | Learned a level 3 spell: Tukima's Dance
    51 | D        | Learned a level 3 spell: Dazzling Spray
   239 | D        | Noticed an electric eel
   239 | D        | Noticed an electric eel
   239 | D        | Noticed an electric eel
   239 | D        | Noticed an electric eel
   240 | D        | Noticed an electric eel
   252 | D        | Noticed a boulder beetle
   252 | D        | Noticed a boulder beetle
   256 | D        | Noticed a siren
   282 | D        | HP: 1/24 [siren/spear of venom (14)]
   283 | D        | Succumbed to a siren's poison

Vault maps used:
D:        the_violet_keep_of_menkaure

Action                   |  1- 3 |  4- 6 || total
-------------------------+-------+-------++-------
Melee: Dagger            |    13 |    26 ||    39
 Cast: Corona            |     1 |       ||     1
       Ensorcelled Hiber |       |     3 ||     3
       Confuse           |       |     4 ||     4
       Dazzling Spray    |       |     4 ||     4
  Use: Potion            |       |     1 ||     1
 Stab: Sleeping          |       |     2 ||     2
